 Dungeon Crawl Stone Soup version 0.30-a0-578-gdee14c521f (webtiles) character file.

Game seed: 8852477093295211230

648 hikkokomori the Conjurer (level 7, -2/42 HPs)
             Began as a Gargoyle Conjurer on Dec 31, 2022.
             Slain by an orc priest
             ... wielding a +0 hand axe
              (3 damage)
             ... on level 4 of the Dungeon.
             The game lasted 00:09:49 (4821 turns).

hikkokomori the Conjurer (Gargoyle Conjurer)        Turns: 4821, Time: 00:09:50

Health: -2/42      AC:  6    Str: 18    XL:     7   Next: 53%
Magic:  4/12       EV: 11    Int: 19    God:
Gold:   240        SH:  0    Dex:  8    Spells: 6/13 levels left

rFire   . . .      SeeInvis .    e - staff of earth
rCold   . . .      Faith    .    (no shield)
rNeg    + . .      Spirit   .    a - +0 robe
rPois   ∞          Reflect  .    (no helmet)
rElec   +          Harm     .    (no cloak)
rCorr   .          Rampage  .    (no gloves)
Will    .....                    (no boots)
Stlth   ++                       d - amulet of magic regeneration
HPRegen 0.27/turn                l - +6 ring of strength
MPRegen 0.53/turn                (no ring)

@: no status effects
A: sickness immunity, AC +4, negative energy resistance 1, electricity
resistance, torment resistance 1, petrification resistance
a: no special abilities


You were on level 4 of the Dungeon.
You visited 1 branch of the dungeon, and saw 5 of its levels.

You collected 240 gold pieces.

Inventory:

Hand Weapons
 g - a +0 mace
 h - a +3 falchion
 y - a +2 dire flail of protection
Armour
 a - a +0 robe (worn)
 c - a +0 ring mail
 x - a +0 scale mail
 z - a +2 chain mail of cold resistance
Magical Staves
 e - a staff of earth (weapon)
Jewellery
 d - an amulet of magic regeneration (around neck)
 l - a +6 ring of strength (left hand)
 u - a ring of flight
 v - an amulet of the acrobat
Scrolls
 m - a scroll of teleportation {unknown}
 o - a scroll of enchant armour {unknown}
 p - a scroll of silence
 q - 3 scrolls of butterflies
 s - a scroll of noise {unknown}
 t - a scroll of fear {unknown}
Potions
 b - a potion of magic
 f - 2 potions of brilliance
 i - 2 potions of haste
 j - 2 potions of curing
 k - a potion of berserk rage {unknown}
 n - a potion of attraction
 r - a potion of heal wounds {unknown}
 w - a potion of cancellation {unknown}


   Skills:
 + Level 3.7 Fighting
 - Level 1.5 Dodging
 - Level 2.1 Stealth
 - Level 3.5 Spellcasting
 + Level 7.0 Conjurations
 + Level 3.1 Hexes


You had 6 spell levels left.
You knew the following spells:

 Your Spells              Type           Power      Damage    Failure   Level
a - Magic Dart            Conj           100%       1d8       1%          1
b - Searing Ray           Conj           60%        2d6       1%          2
c - Fulminant Prism       Conj/Hex       11%        3d9       19%         4

Your spell library contained the following spells:

 Spells                   Type           Power      Damage    Failure   Level
 Dazzling Flash           Conj/Hex       44%        N/A       5%          3
 Beastly Appendage        Tmut           6%         N/A       14%         1
 Necrotise                Necr           12%        1d4       14%         1
 Wereblood                Tmut           3%         N/A       22%         2
 Iskenderun's Mystic Bla  Conj/Tloc      16%        2d5       34%         4
 Spider Form              Tmut/Pois      3%         N/A       41%         3
 Vampiric Draining        Necr           3%         2d6       41%         3
 Agony                    Necr           3%         N/A       99%         5


Dungeon Overview and Level Annotations

Branches:
Dungeon (5/15)
 Temple: D:4-7

Altars:
Fedhas
Gozag
Hepliaklqana
Kikubaaqudgha
Okawaru
Trog
Zin


Innate Abilities, Weirdness & Mutations

You are immune to sickness and miasma.
Your stone body is resilient. (AC +4)
You are immune to poison.
You resist negative energy. (rN+)
You are resistant to electric shocks. (rElec)
You are resistant to unholy torment.
You are immune to petrification.


Message History

An orc priest comes into view. It is wielding a +0 hand axe.
There is a stone staircase leading up here.
Casting: Searing Ray (safe; 1% risk of failure)
Confirm with . or Enter, or press ? or * to list all spells.
Aiming: Magic Dart (safe; 1% risk of failure)
Press: ? - help, Shift-Dir - straight line, f - orc priest
Aim: an orc priest, wielding a +0 hand axe and wearing a +0 ring mail (100% to hit)
The magic dart hits the orc priest but does no damage.
The magic dart hits the orc priest.
The orc priest is lightly wounded.
The magic dart hits the orc priest but does no damage.
The orc priest is lightly wounded.
A scorpion comes into view.
The magic dart hits the orc priest.
The orc priest is moderately wounded.
The magic dart hits the orc priest but does no damage.
The orc priest is moderately wounded.
An orc comes into view. It is wielding a +0 club.
A jelly comes into view.
The magic dart hits the orc priest.
The orc priest is heavily wounded.
The jelly quivers.
The orc priest calls down the wrath of Beogh upon you.
Beogh smites you!
Unknown command.
The orc priest hits you with a +0 hand axe.
You climb upwards.
There is a stone staircase leading down here.
Unknown command.
Casting: Magic Dart (safe; 1% risk of failure)
Confirm with . or Enter, or press ? or * to list all spells.
You don't have enough magic to cast this spell.
Unknown command.
You barely miss the orc priest.
The orc priest is heavily wounded.
The orc priest mumbles some strange prayers to Beogh against you.
Beogh smites you!
* * * LOW HITPOINT WARNING * * *
The orc priest hits you with a +0 hand axe.
You die...

######...........
#####.......
##...... #....##
####...##
##########.....##
#..............#
##...#######...##
#.<@## ##### #.o##
#### #..# ##..##
#..## ##.....
##..### ##......
#....#######....###
###.............##
##.............##
#####.............#


You could see an orc priest.

Vanquished Creatures
  Edmund (D:4)
  An ice beast (D:5)
  A black bear (D:4)
  A necrophage (D:5)
  A gnoll bouda (D:4)
  Jessica (D:3)
  An iguana (D:4)
  2 orc wizards (D:4)
  5 gnolls
  3 adders
  A white imp (D:5)
  3 worms
  2 dart slugs
  7 orcs
  5 ball pythons
  2 endoplasms (D:1)
  3 giant cockroaches (D:1)
  5 goblins
  A hobgoblin (D:3)
  6 jackals
  3 kobolds
  6 quokkas
  9 bats
  4 frilled lizards
  7 rats
81 creatures vanquished.

Vanquished Creatures (others)
  6 fulminant prisms
6 creatures vanquished.

Grand Total: 87 creatures vanquished

Notes
Turn   | Place    | Note
-------+----------+-------------------------------------------
     0 | D:1      | hikkokomori the Gargoyle Conjurer began the quest for the
                  | Orb.
     0 | D:1      | Reached XP level 1. HP: 10/10 MP: 3/3
   237 | D:1      | Reached XP level 2. HP: 15/15 MP: 3/5
   612 | D:1      | Reached XP level 3. HP: 19/19 MP: 2/6
   618 | D:1      | Learned a level 2 spell: Searing Ray
   847 | D:1      | Reached skill level 5 in Conjurations
  1582 | D:2      | Reached XP level 4. HP: 15/24 MP: 0/8
  2440 | D:3      | Found an opulent altar of Gozag.
  2872 | D:3      | Noticed Jessica
  2878 | D:3      | Killed Jessica
  2879 | D:3      | Reached XP level 5. HP: 28/28 MP: 4/10
  2970 | D:3      | Found a blossoming altar of Fedhas.
  2973 | D:3      | Found an ancient bone altar of Kikubaaqudgha.
  2981 | D:3      | Found a glowing silver altar of Zin.
  2985 | D:3      | Found a bloodstained altar of Trog.
  3004 | D:3      | Found an iron altar of Okawaru.
  3009 | D:3      | Found a hazy altar of Hepliaklqana.
  3188 | D:3      | Learned a level 4 spell: Fulminant Prism
  3408 | D:4      | Reached skill level 1 in Fighting
  3415 | D:4      | Reached skill level 6 in Conjurations
  3415 | D:4      | Reached skill level 1 in Hexes
  3493 | D:4      | Reached XP level 6. HP: 19/35 MP: 2/11
  3660 | D:4      | Noticed a black bear
  3667 | D:4      | Killed a black bear
  4526 | D:4      | Noticed Edmund
  4537 | D:4      | Killed Edmund
  4538 | D:4      | Reached XP level 7. HP: 41/41 MP: 1/12
  4711 | D:5      | Entered Level 5 of the Dungeon
  4811 | D:5      | Reached skill level 7 in Conjurations
  4821 | D:4      | HP: 1/42 [orc priest/divine providence (13)]
  4821 | D:4      | Slain by an orc priest

Illustrated notes

Levels and vault maps discovered:
D:1:      dpeg_arrival_arbitrary_c, layout_loops_ring, serial_rivers,
          chequers_serial_rivers_small_3, chequers_serial_rivers_small_b,
          chequers_serial_rivers_large_b, chequers_serial_rivers_small_3,
          chequers_serial_rivers_small_b
D:2:      layout_basic
D:3:      layout_basic, grunt_gozag_breadcrumbs,
          nicolae_overflow_hallway_of_the_gods, uniq_jessica
D:4:      layout_layer_cave, uniq_edmund
D:5:      layout_rooms, minmay_temple_entry_crystal_x,
          hangedman_abyss_or_decor_passed, kennysheep_generic_room_11

Skill      XL: |  1  2  3  4  5  6  7 |
---------------+----------------------+-----
Conjurations   | 5 6 7 |  7.0
Spellcasting   | 3 |  3.5
Fighting       | 1 3 |  3.7
Hexes          | 1 2 3 |  3.1
Dodging        | |  1.5
Stealth        | |  2.1

Action                   |  1- 3 |  4- 6 |  7- 9 || total
-------------------------+-------+-------+-------++-------
Melee: Staff             |    18 |     5 |     3 ||    26
 Cast: Magic Dart        |    65 |    68 |    14 ||   147
       Searing Ray       |       |    13 |     3 ||    16
       Fulminant Prism   |       |     4 |     2 ||     6
  Use: Scroll            |       |     6 |       ||     6
Armor: Robe              |     9 |    11 |     4 ||    24
Dodge: Dodged            |    22 |    13 |     4 ||    39

Table legend: (Time is in decaauts)
 A = Elapsed time spent in this place.
 B = Non-inter-level travel time spent in this place.
 C = Inter-level travel time spent in this place.
 D = Time resting spent in this place.
 E = Time spent auto-exploring this place.
 F = Levels seen in this place.
 G = Mean time per level.
                   A        B        C        D        E       F      G
               +--------+--------+--------+--------+--------+-----+--------+
         Total |   4868 |   4740 |    128 |    433 |   3704 |   5 |  973.6 |
       Dungeon |   4868 |   4740 |    128 |    433 |   3704 |   5 |  973.6 |
               +--------+--------+--------+--------+--------+-----+--------+

Top non-repeatable levels by time:
     D:1: 1363 daAuts
     D:3: 1250 daAuts
     D:4: 1210 daAuts
     D:2: 1005 daAuts
     D:5: 39 daAuts
